 Dungeon Crawl Stone Soup version 0.28-a0-561-gc72452776e (webtiles) character file.

Game seed: 16846807134516096550

263 Bapho the Tainter (level 6, -3/49 HPs)
             Began as a Naga Venom Mage on Sept 29, 2021.
             Was an Initiate of Cheibriados.
             Slain by an ogre (23 damage)
             ... on level 4 of the Dungeon.
             The game lasted 00:13:23 (5557 turns).

Bapho the Tainter (Naga Venom Mage)                 Turns: 5557, Time: 00:13:24

Health: -3/49      AC:  7    Str:  8 (11) XL:     6   Next: 19%
Magic:  1/9        EV:  7    Int: 15 (18) God:    Cheibriados [......]
Gold:   147        SH:  0    Dex: 10 (13) Spells: 2/9 levels left

rFire   . . .      SeeInvis +   d - +0 short sword (flame)
rCold   . . .      Faith    .   (no shield)
rNeg    . . .      Spirit   .   s - +1 ring mail {rPois}
rPois   +          Reflect  .   b - +1 hat
rElec   .          Harm     .   c - +0 cloak
rCorr   .          Rampage  .   (no gloves)
Will    .....                   (no barding)
Stlth   +.........              m - amulet of magic regeneration
HPRegen 0.16/turn               (no ring)
MPRegen 0.36/turn               (no ring)

@: very slightly contaminated, very slow
A: AC +2, large, see invisible, deformed body, poison resistance, slowness 2,
spit poison 1, naga tail 1
a: Spit Poison, Renounce Religion, Bend Time


You were on level 4 of the Dungeon.
You worshipped Cheibriados.
Cheibriados was noncommittal.
You visited 2 branches of the dungeon, and saw 6 of its levels.

You collected 147 gold pieces.

Inventory:

Hand Weapons
 d - a +0 short sword of flaming (weapon)
Missiles
 e - 134 stones
Armour
 a - a +0 robe
 b - a +1 hat (worn)
 c - a +0 cloak (worn)
 g - a +1 robe of willpower
 s - a +1 ring mail of poison resistance (worn)
Jewellery
 m - an amulet of magic regeneration (around neck)
 n - an amulet of guardian spirit
Wands
 u - a wand of digging (4)
Scrolls
 h - a scroll of brand weapon
Potions
 f - a potion of curing
 i - a potion of flight {unknown}
 j - a potion of degeneration
 l - 2 potions of resistance {unknown}
 o - a potion of berserk rage {unknown}
 p - 3 potions of haste {unknown}
 r - a potion of might {unknown}


   Skills:
 - Level 1.5 Dodging
 - Level 3.0 Stealth
 - Level 2.0 Spellcasting
 - Level 2.8 Transmutations
 + Level 8.0 Poison Magic


You had 2 spell levels left.
You knew the following spells:

 Your Spells              Type           Power      Damage    Failure   Level
a - Sting                 Tmut/Pois      68%        1d6       8%          1
b - Poisonous Vapours     Pois/Air       26%        N/A       21%         2
c - Olgreb's Toxic Radia  Pois           25%        N/A       26%         4

Your spell library contained the following spells:

 Spells                   Type           Power      Damage    Failure   Level
 Mephitic Cloud           Conj/Pois/Air  9%         N/A       56%         3
 Summon Forest            Summ/Tloc      0%         N/A       100%        5
 Eringya's Noxious Bog    Tmut/Pois      8%         N/A       100%        6
 Summon Hydra             Summ           0%         N/A       100%        7


Dungeon Overview and Level Annotations

Branches:
Dungeon (5/15)             Temple (1/1) D:4

Altars:
Ashenzari
Cheibriados
Dithmenos
Elyvilon
Fedhas
Gozag
Hepliaklqana
Kikubaaqudgha
Makhleb
Nemelex Xobeh
Okawaru
Qazlal
Ru
Sif Muna
Uskayaw
Vehumet
Wu Jian
Xom
Yredelemnul
Zin
The Shining One

Shops:
D:2 =

Annotations:
D:5 Sigmund


Innate Abilities, Weirdness & Mutations

Your serpentine skin is tough. (AC +2)
You have supernaturally acute eyesight. (SInv)
Armour fits poorly on your strangely shaped body.
Your system is resistant to poisons. (rPois)
You cover ground very slowly.
You can spit poison.
You have a snake-like lower body.


Message History

There is a stone staircase leading down here.
You climb downwards.
Level annotation: Sigmund
Found a stone staircase leading down.
There is a stone staircase leading up here.
You miscast Poisonous Vapours.
You are very lightly contaminated with residual magic.
Nothing appears to happen.
Press: ? - help, Shift-Dir - straight line, f/p - ogre
Aim: an ogre, wielding a +0 giant club The splash of poison hits the ogre.
The ogre is lightly wounded.
The ogre hits you with a +0 giant club!!
Ouch! That really hurt!
You climb upwards.
You have got your breath back.
There is a stone staircase leading down here.
Okay, then.
Okay, then.
Casting: Poisonous Vapours (safe; 21% risk of failure)
Confirm with . or Enter, or press ? or * to list all spells.
The spell is quite dangerous to cast (26% risk of failure)!
Continue anyway?
You begin to radiate toxic energy.
The ogre is poisoned.
The ogre hits you but does no damage.
Casting: Olgreb's Toxic Radiance (quite dangerous; 26% risk of failure)
Confirm with . or Enter, or press ? or * to list all spells.
Aiming: Poisonous Vapours (safe; 21% risk of failure)
Press: ? - help, Dir - move target, f - ogre
Aim: an ogre, wielding a +0 giant club (lightly wounded, poisoned) Poisonous vapours surround the ogre!
The ogre looks even sicker.
Your toxic aura wanes.
The ogre closely misses you.
Casting: Poisonous Vapours (safe; 21% risk of failure)
Confirm with . or Enter, or press ? or * to list all spells.
Aiming: Poisonous Vapours (safe; 21% risk of failure)
Press: ? - help, Dir - move target, f/p - ogre
Aim: an ogre, wielding a +0 giant club (moderately wounded, very poisoned) Poisonous vapours surround the ogre!
The ogre looks even sicker.
The ogre hits you with a +0 giant club!!
You die...

## ####### .#
######..O..####### .#
#....#..@..#.....# .#
#....#.....#.....# .#
#....#.....#.....# .#
#....'.....#.....# .#
#....#.....#.....#
.#########...#.....####..#
........########'###.##..#
........# #.......#...#
........# #.......#...#


You could see an ogre (very poisoned).

Vanquished Creatures
  An orc priest (D:4)
  2 orc wizards (D:4)
  4 adders
  4 gnolls (D:3)
  An ufetubus (D:4)
  2 adder skeletons (D:4)
  4 dart slugs
  11 orcs
  6 ball pythons
  9 endoplasms
  4 giant cockroaches
  8 goblins
  5 hobgoblins
  4 kobolds
  A quokka (D:3)
  5 bats
  2 frilled lizards (D:1)
  9 rats
82 creatures vanquished.

Vanquished Creatures (others)
  2 plants (D:3)
2 creatures vanquished.

Grand Total: 84 creatures vanquished

Notes
Turn   | Place    | Note
-------+----------+-------------------------------------------
     0 | D:1      | Bapho the Naga Venom Mage began the quest for the Orb.
     0 | D:1      | Reached XP level 1. HP: 15/15 MP: 3/3
   165 | D:1      | Reached XP level 2. HP: 22/22 MP: 5/5
   717 | D:1      | Reached XP level 3. HP: 24/28 MP: 4/6
   721 | D:1      | Learned a level 2 spell: Poisonous Vapours
  1031 | D:2      | Found a shimmering blue altar of Sif Muna.
  1377 | D:2      | Reached skill level 5 in Poison Magic
  1614 | D:2      | Found Mihoudeume's Jewellery Boutique.
  1794 | D:2      | Reached XP level 4. HP: 32/36 MP: 5/7
  2213 | D:3      | Learned a level 4 spell: Olgreb's Toxic Radiance
  2617 | D:3      | Reached skill level 6 in Poison Magic
  2725 | D:3      | Reached XP level 5. HP: 18/42 MP: 0/8
  3308 | D:4      | Found a staircase to the Ecumenical Temple.
  3322 | Temple   | Entered the Ecumenical Temple
  3374 | Temple   | Became a worshipper of Cheibriados the Contemplative
  4118 | D:4      | Reached skill level 7 in Poison Magic
  4503 | D:5      | Entered Level 5 of the Dungeon
  4503 | D:5      | Noticed a centaur
  4817 | D:5      | Noticed Sigmund
  4945 | D:4      | Reached XP level 6. HP: 34/49 MP: 4/9
  5069 | D:4      | Reached skill level 8 in Poison Magic
  5557 | D:4      | Slain by an ogre

Illustrated notes

Levels and vault maps discovered:
D:1:      nicolae_arrival_washed_ashore, layout_rooms
D:2:      layout_basic, serial_curves, eino_curves_02, eino_curves_02,
          basic_altar, serial_shops, nicolae_shop_competitors_out_of_business
D:3:      layout_loops_ring, serial_bayou_pond_e
D:4:      layout_gridville, temple_statues, serial_glass, glass_columns_b,
          glass_columns_a, minmay_misc_feat_room, minmay_misc_feat_cross
D:5:      layout_rooms, cheibrodos_sewer_entry_bend, grunt_ministairs_8,
          serial_bayou_pond_b, hangedman_abyss_or_decor_lesser_grid,
          uniq_sigmund
Temple:   regret_index_temple_sigil_plot

Skill      XL: |  1  2  3  4  5  6 |
---------------+-------------------+-----
Transmutations | 2 |  2.8
Poison Magic   | 5 6 7 8 |  8.0
Dodging        | |  1.5
Stealth        | |  3.0
Spellcasting   | |  2.0

Action                   |  1- 3 |  4- 6 || total
-------------------------+-------+-------++-------
Melee: Short sword       |    25 |    59 ||    84
       Unarmed           |     1 |       ||     1
Throw: Stone             |     4 |       ||     4
 Cast: Sting             |    37 |    38 ||    75
       Poisonous Vapours |    15 |    68 ||    83
       Olgreb's Toxic Ra |       |     1 ||     1
 Abil: Spit Poison       |    17 |    14 ||    31
  Use: Scroll            |       |     4 ||     4
       Potion            |       |     2 ||     2
 Stab: Sleeping          |       |     1 ||     1
Armor: Robe              |    18 |    15 ||    33
       Ring mail         |       |    22 ||    22
Dodge: Dodged            |    14 |    65 ||    79

Table legend: (Time is in decaauts)
 A = Elapsed time spent in this place.
 B = Non-inter-level travel time spent in this place.
 C = Inter-level travel time spent in this place.
 D = Time resting spent in this place.
 E = Time spent auto-exploring this place.
 F = Levels seen in this place.
 G = Mean time per level.
                   A        B        C        D        E       F      G
               +--------+--------+--------+--------+--------+-----+--------+
         Total |   7058 |   6706 |    352 |    876 |   5003 |   6 | 1176.3 |
       Dungeon |   6566 |   6235 |    331 |    876 |   4560 |   5 | 1313.2 |
        Temple |    491 |    470 |     21 |      0 |    443 |   1 |  491.0 |
               +--------+--------+--------+--------+--------+-----+--------+

Top non-repeatable levels by time:
     D:4: 2598 daAuts
     D:3: 1511 daAuts
     D:2: 1279 daAuts
     D:1: 1144 daAuts
  Temple: 491 daAuts
     D:5: 33 daAuts
